 Dungeon Crawl Stone Soup version 0.27.1-34-g3ba077fa99 (webtiles) character file.

Game seed: 11648900589220729730

334 growler the Gusty (level 6, 0/48 HPs)
             Began as a Tengu Air Elementalist on Jan 24, 2022.
             Succumbed to a water moccasin's poison
             ... on level 4 of the Dungeon.
             The game lasted 00:09:34 (4948 turns).

growler the Gusty (Tengu Air Elementalist)          Turns: 4948, Time: 00:09:34

Health: 0/48       AC: 23    Str:  8    XL:     6   Next: 53%
Magic:  4/12       EV:  2    Int: 17    God:
Gold:   232        SH:  0    Dex: 15    Spells: 2/12 levels left

rFire    . . .     SeeInvis .   j - +0 dagger (venom)
rCold    . . .     Faith    .   (no shield)
rNeg     + + +     Spirit   .   (armour currently unavailable)
rPois    +         Reflect  .   (helmet currently unavailable)
rElec    .         Harm     .   (cloak currently unavailable)
rCorr    .         Rampage  .   (gloves currently unavailable)
Will     .....     NoTele   +   (boots unavailable)
Stlth    ++........             (no amulet)
HPRegen  0.16/turn              k - ring of wizardry
MPRegen  0.13/turn              (no ring)

@: lethally poisoned (0 -> -6), tree-form, very slightly contaminated, invisible
A: stationary, stasis, torment immunity, boosted hp, (beak), (talons 3), nimble
flight
a: no special abilities


You were on level 4 of the Dungeon.
You were a tree.
You visited 1 branch of the dungeon, and saw 4 of its levels.

You collected 232 gold pieces.

Inventory:

Hand Weapons
 j - a +0 dagger of venom (weapon)
   (You took it off a goblin on level 2 of the Dungeon)
Armour
 a - a +0 robe (melded)
 h - a +0 pair of gloves (melded)
   (You found it on level 2 of the Dungeon)
 m - a +0 buckler
   (You found it on level 4 of the Dungeon)
Jewellery
 k - a ring of wizardry (left branch)
   (You took it off a goblin on level 2 of the Dungeon)
Scrolls
 b - a scroll of enchant weapon {unknown}
 c - a scroll of silence {unknown}
 d - a scroll of vulnerability {unknown}
 e - a scroll of enchant armour {unknown}
 f - a scroll of identify {@r1}
 g - a scroll of immolation {unknown}
 o - 2 scrolls of teleportation {unknown}
Potions
 i - 2 potions of invisibility


   Skills:
 - Level 2.1 Dodging
 - Level 2.0 Stealth
 + Level 3.9 Spellcasting
 + Level 4.9 Conjurations
 + Level 6.3 Air Magic


You had 2 spell levels left.
You knew the following spells:

 Your Spells              Type           Power      Damage    Failure   Level
a - Shock                 Conj/Air       88%        1d8       1%          1
b - Airstrike             Air            12%        N/A       4%          4
d - Static Discharge      Conj/Air       22%        N/A       1%          2
s - Swiftness             Air            24%        N/A       1%          3

Your spell library contained the following spells:

 Spells                   Type           Power      Damage    Failure   Level


Dungeon Overview and Level Annotations

Branches:
Dungeon (4/15)
 Temple: D:4-7

Altars:
Yredelemnul

Annotations:
D:4 1 runed translucent door, Crazy Yiuf


Innate Abilities, Weirdness & Mutations

You are a tree.
Your roots penetrate the ground, keeping you stationary.
You cannot be teleported.
You are immune to unholy pain and torment.
Your maximum health is greatly increased.
Your equipment is partially melded.
((You have a beak for a mouth.))
((You have claws for feet.))
Your magical nature lets you fly swiftly and evasively.


Message History

There is a stone staircase leading up here.
Found a stone staircase leading up.
A ball python comes into view.
The ball python hisses angrily.
Found 19 arrows.
You hit the ball python.
You kill the ball python!
You see here a +0 leather armour.
A water moccasin comes into view.
The water moccasin hisses angrily.
The water moccasin bites you.
You are poisoned.
The water moccasin poisons you!
You hit the water moccasin.
You peck the water moccasin, but do no damage.
You feel very sick. The water moccasin bites you.
You are lethally poisoned!
The water moccasin poisons you! The water moccasin closely misses you.
The water moccasin is struck by an arc of lightning.
You are struck by an arc of lightning.
The lightning grounds out.
* * * LOW HITPOINT WARNING * * *
You feel very sick. The water moccasin bites you!
* * * LOW HITPOINT WARNING * * *
It was a potion of invisibility.
You fade into invisibility!
* * * LOW HITPOINT WARNING * * *
You feel very sick. The water moccasin misses you.
The water moccasin closely misses you.
You are very lightly contaminated with residual magic.
It was a potion of lignification.
You turn into a tree.
Your +0 pair of gloves melds into your body.
Your +0 robe melds into your body.
Your roots penetrate the ground.
* * * LOW HITPOINT WARNING * * *
You feel very sick.
The water moccasin bites you but does no damage.
It was a potion of magic.
Magic courses through your body.
* * * LOW HITPOINT WARNING * * *
You feel sick.
The water moccasin bites you but does no damage.
Aim: a water moccasin (lightly wounded)
The air twists around and strikes the water moccasin!
* * * LOW HITPOINT WARNING * * *
You feel sick.
The water moccasin bites you but does no damage. x2
Aim: a water moccasin (severely wounded)
The air twists around and strikes the water moccasin!
You kill the water moccasin!
You die...

....().....#.....l..##.
#..)................##
#####.............#..#
###........##......# #
#...............#..##.
####..##.##.............
.# #.###..##.#..........
## #......#..#..........
.###.....[......♣†)....#
...........###..........
###........#...#........
####...#####.###.......
#..........##. ...##..
............... ...# .
.#............. .....
....(.......... ......
............... .##.


There were no monsters in sight!

Vanquished Creatures
  A water moccasin (D:4)
  A water moccasin skeleton (D:2)
  An orc priest (D:4)
  A hound (D:4)
  An iguana (D:4)
  An orc wizard (D:4)
  A hound zombie (D:4)
  3 gnolls (D:4)
  3 adders
  2 worms
  2 dart slugs (D:1)
  14 orcs
  7 ball pythons
  5 endoplasms
  4 giant cockroaches
  3 jackals (D:3)
  7 kobolds
  4 quokkas
  7 bats
  A frilled lizard (D:2)
  10 goblins
  A rat (D:2)
80 creatures vanquished.

Vanquished Creatures (others)
  A fungus (D:1)
  3 toadstools (D:3)
4 creatures vanquished.

Grand Total: 84 creatures vanquished

Notes
Turn   | Place    | Note
-------+----------+-------------------------------------------
     0 | D:1      | growler the Tengu Air Elementalist began the quest for the
                  | Orb.
     0 | D:1      | Reached XP level 1. HP: 10/10 MP: 4/4
   307 | D:1      | Reached XP level 2. HP: 13/15 MP: 6/6
   341 | D:1      | Learned a level 2 spell: Static Discharge
   749 | D:1      | Found a faded altar of an unknown god.
   953 | D:2      | Reached XP level 3. HP: 19/19 MP: 3/7
   957 | D:2      | Learned a level 3 spell: Swiftness
  1472 | D:2      | Found a basalt altar of Yredelemnul.
  1681 | D:2      | Reached skill level 5 in Air Magic
  1681 | D:2      | Reached XP level 4. HP: 2/24 MP: 0/9
  3382 | D:3      | Gained mutation: Your magical nature lets you fly swiftly
                  | and evasively. [Tengu growth]
  3382 | D:3      | Reached XP level 5. HP: 24/28 MP: 3/10
  3683 | D:3      | Learned a level 4 spell: Airstrike
  3980 | D:4      | Found a runed translucent door.
  3981 | D:4      | Noticed Crazy Yiuf
  4341 | D:4      | Reached XP level 6. HP: 32/32 MP: 5/12
  4365 | D:4      | Reached skill level 6 in Air Magic
  4938 | D:4      | Noticed a water moccasin
  4947 | D:4      | HP: 2/48 [poisoned by a water moccasin]
  4948 | D:4      | Killed a water moccasin
  4948 | D:4      | Succumbed to a water moccasin's poison

Illustrated notes

Levels and vault maps discovered:
D:1:      minmay_arrival_jagged, layout_basic, shapermc_ecumenical_altar_ellora
D:2:      layout_basic, basic_altar
D:3:      minmay_skewed_foursquare, layout_rooms, moated_statue,
          solitary_fountain, minmay_gold_behind_fungi, serial_bayou_pond_a
D:4:      layout_cave_pools, minitemple, uniq_crazy_yiuf_cottage

Skill      XL: |  1  2  3  4  5  6 |
---------------+-------------------+-----
Conjurations   | 2 3 4 |  4.9
Air Magic      | 5 6 |  6.3
Spellcasting   | 3 |  3.9
Dodging        | |  2.1
Stealth        | |  2.0

Action                   |  1- 3 |  4- 6 || total
-------------------------+-------+-------++-------
Melee: Unarmed           |     4 |       ||     4
       Kick              |     2 |     8 ||    10
       Dagger            |       |    31 ||    31
       Peck              |       |     8 ||     8
 Cast: Shock             |    62 |    97 ||   159
       Static Discharge  |       |    19 ||    19
       Airstrike         |       |     4 ||     4
  Use: Scroll            |       |     1 ||     1
       Potion            |       |     3 ||     3
 Stab: Sleeping          |     1 |     1 ||     2
Armor: Robe              |     1 |    12 ||    13
       Skin              |       |     4 ||     4
Dodge: Dodged            |    11 |    33 ||    44
